 Dungeon Crawl Stone Soup version 0.23.2-33-g5129a83184 (webtiles) character file.

Game seed: 15491294423677569771

25 marthius the Conjurer (level 2, -2/16 HPs)
             Began as a Deep Elf Conjurer on July 8, 2019.
             Slain by a kobold
             ... wielding a +2 hand axe of flaming
              (9 damage)
             ... on level 1 of the Dungeon.
             The game lasted 00:08:19 (1149 turns).

marthius the Conjurer (Deep Elf Conjurer)           Turns: 1149, Time: 00:08:20

Health: -2/16      AC:  2    Str:  5    XL:     2   Next: 86%
Magic:  6/8        EV: 13    Int: 19    God:
Gold:   27         SH:  0    Dex: 15    Spells: 7/8 levels left

rFire    . . .     SeeInvis .   h - -2 dagger (curse)
rCold    . . .     Gourm    .   (no shield)
rNeg     . . .     Faith    .   a - +0 robe
rPois    .         Spirit   .   (no helmet)
rElec    .         Reflect  .   (no cloak)
rCorr    .         Harm     .   (no gloves)
MR       .....                  (no boots)
Stlth    ++........             (no amulet)
HPRegen  0.05/turn              (no ring)
MPRegen  0.11/turn              (no ring)

@: no status effects
A: no striking features
a: no special abilities


You were on level 1 of the Dungeon.
You were not hungry.

You visited 1 branch of the dungeon, and saw 1 of its levels.

You collected 27 gold pieces.

Inventory:

Hand Weapons
 d - a +0 hunting sling
 f - a +0 club
 h - a cursed -2 dagger (weapon)
 k - a +0 short sword
 m - a cursed +0 dagger
 n - a +0 dagger
Missiles
 e - 46 stones (quivered)
Armour
 a - a +0 robe (worn)
 i - a +1 leather armour of fire resistance
Scrolls
 b - a scroll of teleportation {unknown}
 j - a scroll of remove curse {unknown}
 q - a scroll of identify {unknown}
Potions
 g - a potion of resistance {unknown}
 o - a potion of berserk rage {unknown}
 p - 2 potions of might
Comestibles
 c - a ration


   Skills:
 + Level 0.8 Fighting
 - Level 2.4 Dodging
 + Level 3.0 Stealth
 + Level 3.5 Spellcasting
 + Level 4.6 Conjurations


You had 7 spell levels left.
You knew the following spells:

 Your Spells              Type           Power        Failure   Level  Hunger
a - Magic Dart            Conj           ###.         2%          1    None

Your spell library contained the following spells:

 Spells                   Type           Power        Failure   Level  Hunger
 Searing Ray              Conj           ###...       3%          2    ##.....
 Dazzling Spray           Conj/Hex       ##....       17%         3    ###....
 Iskenderun's Mystic Bla  Conj           ###.....     22%         4    ####...
 Force Lance              Conj/Tloc      ##......     50%         4    ####...
 Fulminant Prism          Conj/Hex       ##........   50%         4    ####...


Dungeon Overview and Level Annotations

Branches:
Dungeon (1/15)

Altars:


Message History

Confirm with . or Enter, or press ? or * to list all spells.
Aiming: Magic Dart (safe; 2% risk of failure)
Press: ? - help, Shift-Dir - straight line, f/p - kobold
Aim: a kobold, wielding a +2 hand axe of flaming and wearing a +0 robe (moderately wounded)
The magic dart hits the kobold.
The kobold is severely wounded.
The kobold throws a stone.
The stone barely misses you. The kobold completely misses you.
You hit the kobold but do no damage.
The kobold is severely wounded.
The kobold drinks a potion.
The kobold seems to grow stronger.
You barely miss the kobold.
The kobold is severely wounded.
The kobold hits you with a +2 hand axe of flaming!
The kobold burns you.
You hit the kobold but do no damage.
The kobold is severely wounded.
The kobold hits you with a +2 hand axe of flaming!
Ouch! That really hurt!
You die...

# #.#.##.#...................#
###.#..#.#.###################
....#.##.#.# #.. ####.....#.#
#.# ...#.....#.# #.#
##.#.###.#.# #.# #.#.......#
#.# #.#####.### #K#
#....##.#######@###
##.............(...#
.......#.#######.#.#
##.....#......#..#.#
.......######.#..#.#
##.###.....##.#..#.#
#....####.##.##.#.# ####.#
#.##....#.# #.# #.#######.#


You could see a kobold.

Vanquished Creatures
  2 dart slugs (D:1)
  2 giant cockroaches (D:1)
  4 goblins (D:1)
  A hobgoblin (D:1)
  5 jackals (D:1)
  A kobold (D:1)
  2 bats (D:1)
  2 frilled lizards (D:1)
19 creatures vanquished.

Notes
Turn   | Place    | Note
-------+----------+-------------------------------------------
     0 | D:1      | marthius the Deep Elf Conjurer began the quest for the Orb.
     0 | D:1      | Reached XP level 1. HP: 10/10 MP: 6/6
   198 | D:1      | Reached XP level 2. HP: 16/16 MP: 4/8
  1149 | D:1      | Slain by a kobold

Skill      XL: |  1  2 |
---------------+-------+-----
Stealth        | 3 |  3.0
Fighting       | |  0.8
Dodging        | |  2.4
Spellcasting   | |  3.5
Conjurations   | |  4.6

Action                   || total
-------------------------++-------
Melee: Unarmed           ||    14
       Dagger            ||     4
       Hunting sling     ||     3
 Fire: Hunting sling     ||    10
 Cast: Magic Dart        ||    34
  Eat: Chunk             ||     1
Armor: Robe              ||     4
Dodge: Dodged            ||    32
